 Dungeon Crawl Stone Soup version 0.28-a0-1395-g4f6bc678fa (webtiles) character file.

Game seed: 1944419974630331375

69 YayAnonymity the Vandal (level 4, -1/33 HPs)
             Began as a Demonspawn Hunter on Jan 5, 2022.
             Killed by an exploding yak (24 damage)
             ... ignited by their inner flame
             ... on level 5 of the Dungeon.
             The game lasted 00:03:21 (1784 turns).

YayAnonymity the Vandal (Demonspawn Hunter)         Turns: 1784, Time: 00:03:22

Health: -1/33      AC:  4    Str: 14    XL:     4   Next: 2%
Magic:  4/4        EV: 12    Int: 12    God:
Gold:   93         SH:  0    Dex: 14    Spells: 3/3 levels left

rFire   . . .      SeeInvis .   a - +1 hunting sling
rCold   . . .      Faith    .   (no shield)
rNeg    . . .      Spirit   .   c - +0 leather armour
rPois   .          Reflect  .   (no helmet)
rElec   .          Harm     .   h - +0 cloak
rCorr   .          Rampage  .   (no gloves)
Will    .....                   (no boots)
Stlth   ++........              (no amulet)
HPRegen 0.11/turn               (no ring)
MPRegen 0.09/turn               (no ring)

@: no status effects
A: demonic guardian 1, demonic magic 1
a: no special abilities


You were on level 5 of the Dungeon.
You visited 1 branch of the dungeon, and saw 4 of its levels.

You collected 93 gold pieces.

Inventory:

Hand Weapons
 a - a +1 hunting sling (weapon)
 b - a +1 vampiric whip
Missiles
 d - 15 sling bullets (quivered ammo)
 f - 36 stones
Armour
 c - a +0 leather armour (worn)
 h - a +0 cloak (worn)
Wands
 k - a wand of paralysis (10)
Scrolls
 e - 2 scrolls of identify
 g - a scroll of immolation
 i - a scroll of fear {unknown}
Potions
 j - 2 potions of attraction {unknown}
 l - a potion of curing {unknown}


   Skills:
 - Level 2.0 Fighting
 + Level 4.2 Slings
 + Level 2.8 Dodging
 - Level 2.0 Stealth


You had 3 spell levels left.
You didn't know any spells.
Your spell library was empty.

Dungeon Overview and Level Annotations

Branches:
Dungeon (3/15)

Altars:

Shops:
D:1 !   D:2 *


Innate Abilities, Weirdness & Mutations

A weak demonic guardian rushes to your aid.
Spells you cast may paralyse adjacent enemies.


Message History

d - 12 sling bullets (gained 1)
d - 13 sling bullets (gained 1)
d - 14 sling bullets (gained 1)
d - 15 sling bullets (gained 1)
Found an escape hatch in the ceiling.
You feel the dreadful sensation subside.
a - a +1 hunting sling (weapon)
No target in view!
There is a large open door here.
There is a large open door here.
There is a stone staircase leading down here.
Done exploring.
Done exploring.
There is a stone staircase leading down here.
You climb downwards.
A sourceless malevolence fills the Dungeon...
You fall into a shaft and drop 2 floors!
The shaft crumbles and collapses. 5 yaks come into view.
The yak bellows! x2; You hear a shout!
The yak bellows! x2; You hear a shout! x3
As you read the scroll labelled MUPILL TYOTT, it crumbles to dust.
It is a scroll of identify.
g - 2 scrolls of immolation The yak gores you!
A demonic guardian appears!
The yak barely misses you. The yak gores your shadow imp!
Okay, then.
Really read the scroll of immolation?
As you read the scroll of immolation, it crumbles to dust.
The creatures around you are filled with an inner flame!
Your shadow imp hits the yak but does no damage.
The yak barely misses you. The yak gores your shadow imp.
Your shadow imp disappears in a puff of smoke!
Your shadow imp explodes!
The fiery explosion engulfs the yak!!!
The fiery explosion engulfs the yak!!
Flame seeps out of the yak.
The yak is almost dead.
The yak explodes!
The fiery explosion engulfs you!!
Ouch! That really hurt!
You die...

..#######
......Y@#
.##...YY§§#
.......##Y§.#
....... .#.#
....... . ..
....... .. ..
....... .. .
....... ...


You could see 4 yaks.

Vanquished Creatures
  A yak (D:5)
  2 adders (D:2)
  A dart slug (D:2)
  5 ball pythons
  6 endoplasms
  A giant cockroach (D:2)
  6 hobgoblins
  3 quokkas
  4 bats
  5 frilled lizards
  3 goblins
  6 kobolds
  6 rats
49 creatures vanquished.

Notes
Turn   | Place    | Note
-------+----------+-------------------------------------------
     0 | D:1      | YayAnonymity the Demonspawn Hunter began the quest for the
                  | Orb.
     0 | D:1      | Reached XP level 1. HP: 16/16 MP: 1/1
    50 | D:1      | Reached skill level 1 in Stealth
   160 | D:1      | Found Waett's Distillery.
   291 | D:1      | Gained mutation: A weak demonic guardian rushes to your
                  | aid. [demonic ancestry]
   291 | D:1      | Reached XP level 2. HP: 15/22 MP: 2/2
   891 | D:1      | Found a faded altar of an unknown god.
   974 | D:2      | Reached XP level 3. HP: 27/27 MP: 3/3
   974 | D:2      | Found Jaynk's Assorted Antiques.
  1028 | D:2      | Reached skill level 4 in Slings
  1517 | D:2      | Gained mutation: Spells you cast may paralyse adjacent
                  | enemies. [demonic ancestry]
  1517 | D:2      | Reached XP level 4. HP: 33/33 MP: 4/4
  1782 | D:3      | You fall into a shaft and drop 2 floors!
  1782 | D:5      | Entered Level 5 of the Dungeon
  1782 | D:5      | Noticed a yak
  1782 | D:5      | Noticed a yak
  1782 | D:5      | Noticed a yak
  1782 | D:5      | Noticed a yak
  1782 | D:5      | Noticed a yak
  1784 | D:5      | Killed a yak
  1784 | D:5      | Killed by an exploding yak... ignited by their inner flame

Illustrated notes

Levels and vault maps discovered:
D:1:      beargit_arrival_greenhouse, layout_basic,
          shapermc_ecumenical_altar_hornbeckon, serial_shops,
          nicolae_shop_statue_plus, minmay_misc_feat_doors, minmay_tetromino_t2
D:2:      layout_rooms, serial_shops, shop, kennysheep_generic_room_7
D:3:      layout_rooms, due_unseen_surprise
D:5:      layout_rooms

Skill      XL: |  1  2  3 |
---------------+----------+-----
Stealth        | 1 2 |  2.0
Dodging        | 2 |  2.8
Slings         | 4 |  4.2
Fighting       | |  2.0

Action                   |  1- 3 |  4- 6 || total
-------------------------+-------+-------++-------
Melee: Whip              |    52 |     5 ||    57
 Fire: Hunting sling     |    86 |     5 ||    91
  Use: Scroll            |       |     2 ||     2
Armor: Leather armour    |    17 |     1 ||    18
Dodge: Dodged            |    60 |     4 ||    64

Table legend: (Time is in decaauts)
 A = Elapsed time spent in this place.
 B = Non-inter-level travel time spent in this place.
 C = Inter-level travel time spent in this place.
 D = Time resting spent in this place.
 E = Time spent auto-exploring this place.
 F = Levels seen in this place.
 G = Mean time per level.
                   A        B        C        D        E       F      G
               +--------+--------+--------+--------+--------+-----+--------+
         Total |   1787 |   1738 |     49 |      0 |   1419 |   4 |  446.8 |
       Dungeon |   1787 |   1738 |     49 |      0 |   1419 |   4 |  446.8 |
               +--------+--------+--------+--------+--------+-----+--------+

Top non-repeatable levels by time:
     D:1: 931 daAuts
     D:2: 854 daAuts
     D:5: 1 daAuts
